 Dungeon Crawl Stone Soup version 0.26.0-20-g3ca415f5b8 (webtiles) character file.

Game seed: 9214879577314713335

192 pkoi the Ruffian (level 5, -2/50 HPs)
             Began as a Troll Monk on Jan 24, 2021.
             Was a Believer of Okawaru.
             Slain by Pikel
             ... wielding a +1 whip of electrocution
              (10 damage)
             ... on level 4 of the Dungeon.
             The game lasted 00:02:27 (1979 turns).

pkoi the Ruffian (Troll Monk)                       Turns: 1979, Time: 00:02:28

Health: -2/50      AC:  6    Str: 20    XL:     5   Next: 42%
Magic:  4/4        EV: 10    Int:  6    God:    Okawaru [**....]
Gold:   245        SH:  0    Dex: 12    Spells: 4/4 levels left

rFire    . . .     SeeInvis .     - Unarmed
rCold    . . .     Faith    .   (no shield)
rNeg     . . .     Spirit   .   a - +0 robe
rPois    .         Reflect  .   (helmet restricted)
rElec    .         Harm     .   (no cloak)
rCorr    .         Rampage  .   (gloves unavailable)
Will     .....                  (boots unavailable)
Stlth    ++........             (no amulet)
HPRegen  0.56/turn              (no ring)
MPRegen  0.09/turn              (no ring)

@: no status effects
A: large, unfitting armour, claws 3, regeneration 1, shaggy fur 1, tough skin 3
a: Renounce Religion, Heroism


You were on level 4 of the Dungeon.
You worshipped Okawaru.
Okawaru was pleased with you.
You visited 1 branch of the dungeon, and saw 4 of its levels.

You collected 245 gold pieces.

Inventory:

Missiles
 b - 8 boomerangs (quivered)
Armour
 a - a +0 robe (worn)
Jewellery
 d - an uncursed ring of ice {unknown}
Scrolls
 c - a scroll of magic mapping {unknown}
 e - 2 scrolls of teleportation {unknown}
 f - 4 scrolls of identify {unknown}
 h - 2 scrolls of remove curse {unknown}
 i - a scroll of fear {unknown}
 j - a scroll of fog {unknown}
 n - a scroll of amnesia {unknown}
Potions
 g - a potion of berserk rage {unknown}
 k - 2 potions of might {unknown}
 l - a potion of resistance {unknown}
 m - 2 potions of heal wounds {unknown}


   Skills:
 + Level 2.5 Fighting
 + Level 0.6 Throwing
 + Level 2.5 Dodging
 - Level 1.0 Stealth
 + Level 5.9 Unarmed Combat


You had 4 spell levels left.
You didn't know any spells.
Your spell library contained the following spells:

 Spells                   Type           Power        Failure   Level
 Confusing Touch          Hex            0%           83%         3
 Gell's Gravitas          Tloc           0%           83%         3
 Petrify                  Tmut/Erth      0%           99%         4
 Metabolic Englaciation   Hex/Ice        0%           100%        5
 Yara's Violent Unravell  Hex/Tmut       0%           100%        5


Dungeon Overview and Level Annotations

Branches:
Dungeon (4/15)
 Temple: D:4-7

Altars:
Elyvilon
Hepliaklqana
Okawaru
Vehumet

Annotations:
D:4 Pikel


Innate Abilities, Weirdness & Mutations

You are too large for most types of armour.
You have claws for hands.
Your natural rate of healing is unusually fast.
You are covered in fur. (AC +1)
You have extremely tough skin. (AC +3)


Message History

Pikel is lightly wounded.
Pikel hits you with a +1 whip of electrocution.
You claw Pikel!
Pikel is moderately wounded.
Pikel hits you with a +1 whip of electrocution.
You mangle Pikel!!
Pikel is severely wounded.
Pikel hits you but does no damage.
You closely miss Pikel.
Pikel is severely wounded.
Pikel hits you with a +1 whip of electrocution!
* * * LOW HITPOINT WARNING * * *
You barely miss Pikel.
Pikel is severely wounded.
You closely miss Pikel.
Pikel is severely wounded.
Pikel hits you with a +1 whip of electrocution!
* * * LOW HITPOINT WARNING * * *
You are electrocuted!
You die...

.........#
.........#
#######..#
###.##
#...#
#.###
###.#
#...#
#@### ##K#
#55# #5##
..# .###
.. .. ...


You could see Pikel and 3 lemures.

Vanquished Creatures
  A lemure (D:4)
  Jessica (D:2)
  A worker ant (D:4)
  8 adders
  A worm (D:2)
  A dart slug (D:2)
  2 leopard geckos (D:1)
  4 ball pythons
  11 bats
  2 giant cockroaches
  6 goblins
  8 hobgoblins
  5 jackals
  8 kobolds
  A quokka (D:2)
  2 frilled lizards (D:2)
  8 rats
70 creatures vanquished.

Notes
Turn   | Place    | Note
-------+----------+-------------------------------------------
     0 | D:1      | pkoi the Troll Monk began the quest for the Orb.
     0 | D:1      | Reached XP level 1. HP: 22/22 MP: 0/0
   151 | D:1      | Reached XP level 2. HP: 29/29 MP: 1/1
   338 | D:1      | Reached skill level 4 in Unarmed Combat
   581 | D:2      | Reached XP level 3. HP: 25/36 MP: 2/2
   768 | D:2      | Found a radiant altar of Vehumet.
   932 | D:2      | Reached XP level 4. HP: 44/44 MP: 3/3
   941 | D:2      | Noticed Jessica
   944 | D:2      | Killed Jessica
   945 | D:2      | Reached skill level 5 in Unarmed Combat
  1073 | D:2      | Found a white marble altar of Elyvilon.
  1618 | D:3      | Found an iron altar of Okawaru.
  1625 | D:3      | Became a worshipper of Warmaster Okawaru
  1625 | D:3      | Reached * piety under Okawaru
  1625 | D:3      | Reached ** piety under Okawaru
  1641 | D:3      | Reached XP level 5. HP: 42/50 MP: 4/4
  1749 | D:3      | Found a hazy altar of Hepliaklqana.
  1956 | D:4      | Noticed a lemure
  1957 | D:4      | Noticed a lemure
  1958 | D:4      | Noticed a lemure
  1958 | D:4      | Noticed a lemure
  1959 | D:4      | Noticed Pikel
  1968 | D:4      | Killed a lemure
  1979 | D:4      | Slain by Pikel

Illustrated notes

Levels and vault maps discovered:
D:1:      dpeg_arrival_tiny_g, layout_loops_ring
D:2:      layout_basic, marbit_many_paths, fiery_altar_vehumet, uniq_jessica
D:3:      layout_basic, nzn_hepliaklqana_mist_gate, okawaru_trees_1
D:4:      layout_rooms, minmay_temple_entry_mist, serial_corexii_hall,
          corexii_hall_statues_u, chequers_hall_statues_corner_a, uniq_pikel

Skill      XL: |  1  2  3  4 |
---------------+-------------+-----
Unarmed Combat | 4 5 |  5.9
Fighting       | |  2.5
Throwing       | |  0.6
Dodging        | |  2.5
Stealth        | |  1.0

Action                   |  1- 3 |  4- 6 || total
-------------------------+-------+-------++-------
Melee: Unarmed           |   109 |    85 ||   194
       Punch             |     1 |       ||     1
 Stab: Sleeping          |     5 |     2 ||     7
Armor: Robe              |    40 |    23 ||    63
Dodge: Dodged            |    73 |    30 ||   103
